 Dungeon Crawl Stone Soup version 0.21.1-1-g345015fe64 (webtiles) character file.

253 Ivernyr the Bolt Thrower (level 5, 32/46 HPs)
             Began as a Deep Dwarf Arcane Marksman on May 31, 2018.
             Quit the game on level 3 of the Dungeon.
             The game lasted 00:10:50 (1388 turns).

Ivernyr the Bolt Thrower (DDAM)                     Turns: 1388, Time: 00:10:51

Health: 32/46      AC: 10    Str: 13    XL:     5   Next: 90%
Magic:  5/5        EV:  6    Int: 14    God:
Gold:   70         SH:  0    Dex: 14    Spells: 5/6 levels left

rFire    + . .     SeeInvis +   b - +0 hand axe
rCold    + . .     Gourm    .   (no shield)
rNeg     . . .     Faith    .   e - +0 chain mail
rPois    +         Spirit   .   (no helmet)
rElec    +         Reflect  .   q - +0 cloak
rCorr    +         Harm     .   (no gloves)
MR       .....                  (no boots)
Stlth    ..........             (no amulet)
HPRegen  0.00/turn              n - ring of see invisible
MPRegen  0.09/turn              (no ring)

@: resistant, non-regenerating
A: damage resistance, heal wounds, sense surroundings 1, no regeneration
a: Heal Wounds


You were on level 3 of the Dungeon.
You were not hungry.

You visited 1 branch of the dungeon, and saw 3 of its levels.

You collected 70 gold pieces.

Inventory:

Hand Weapons
 a - a +0 hand crossbow
 b - a +0 hand axe (weapon)
Missiles
 d - 19 bolts
Armour
 e - a +0 chain mail (worn)
 q - a +0 cloak (worn)
Jewellery
 n - a ring of see invisible (left hand)
Scrolls
 g - a scroll of teleportation {unknown}
 h - 3 scrolls of remove curse {unknown}
 j - 2 scrolls of identify {unknown}
 m - a scroll of immolation {unknown}
 o - a scroll of fear {unknown}
Potions
 k - a potion of resistance
 l - a potion of magic
 p - a potion of degeneration {unknown}
 s - a potion of heal wounds {unknown}
Books
 c - a book of Debilitation

   Spells                             Type                      Level
   a - Corona                         Hexes                        1
   b - Slow                           Hexes                        2
   c - Inner Flame                    Hexes/Fire                   3
   d - Portal Projectile              Hexes/Translocation          3
   e - Cause Fear                     Hexes                        4
   f - Leda's Liquefaction            Hexes/Earth                  4
Comestibles
 f - 2 rations
 r - 3 chunks of flesh


   Skills:
 + Level 2.6 Fighting
 * Level 5.1 Crossbows
 + Level 2.9 Armour
 - Level 2.1 Dodging
 - Level 1.0 Spellcasting
 - Level 2.4 Hexes


You had 5 spell levels left.
You knew the following spells:

 Your Spells              Type           Power        Failure   Level  Hunger
a - Corona                Hex            #......      96%         1    ##.....


Dungeon Overview and Level Annotations

Branches:
Dungeon (3/15)

Altars:
Qazlal


Innate Abilities, Weirdness & Mutations

You are resistant to damage.
You can heal yourself by infusing magical energy.
You passively map a small area around you.
You do not regenerate.


Message History

Flt's ghost hits you but does no damage.
You hit flt's ghost but do no damage.
Flt's ghost is heavily damaged.
Flt's ghost hits you.
You hit flt's ghost.
Flt's ghost is heavily damaged.
Flt's ghost hits you but does no damage.
You slash flt's ghost!
Flt's ghost is severely damaged.
Flt's ghost hits you but does no damage.
Flt's ghost hits you.
You hit flt's ghost.
Flt's ghost is almost destroyed.
Flt's ghost barely misses you.
You hit flt's ghost.
You destroy flt's ghost!
Your Crossbows skill increases to level 5!
You have reached level 5!
Items here: ( ))) [[ Are you sure you want to abandon this character and quit the game? (Confirm with "yes".)

* * * * ** *
, ,,, ,
####### * * ,
#<@...#, ,
#####.#+##+##
#...†.....#,
, #...W.....#
* *
#.........# ,
, #.........#
,
#.........#,
, , *
#..)......#,
, , *
#.........#,
, ,


There were no monsters in sight!

Vanquished Creatures
  The ghost of flt the Sneak, an amateur NaEn (D:3)
  Crazy Yiuf (D:2)
  An orc priest (D:2)
  An adder (D:3)
  An ooze (D:2)
  A dart slug (D:1)
  2 leopard geckos
  6 orcs
  3 giant cockroaches
  3 goblins (D:1)
  3 hobgoblins
  A ball python (D:2)
  5 bats
  A frilled lizard (D:2)
  7 kobolds
  8 rats
  A fungus (D:2)
46 creatures vanquished.

Notes
Turn   | Place    | Note
-------+----------+-------------------------------------------
     0 | D:1      | Ivernyr the Deep Dwarf Arcane Marksman began the quest for the Orb.
     0 | D:1      | Reached XP level 1. HP: 16/16 MP: 2/2
    62 | D:1      | Reached skill level 1 in Fighting
   260 | D:1      | Reached XP level 2. HP: 10/25 MP: 3/3
   377 | D:1      | Reached skill level 1 in Armour
   605 | D:1      | Reached skill level 3 in Crossbows
   753 | D:2      | Noticed a fire elemental
   754 | D:2      | Found a stormy altar of Qazlal.
   755 | D:2      | Noticed an earth elemental
   755 | D:2      | Noticed a water elemental
   755 | D:2      | Noticed an air elemental
   768 | D:2      | Reached XP level 3. HP: 29/31 MP: 4/4
  1153 | D:2      | Found a runed door.
  1158 | D:2      | Noticed Crazy Yiuf
  1164 | D:2      | Paralysed by Crazy Yiuf for 2 turns
  1166 | D:2      | Killed Crazy Yiuf
  1166 | D:2      | Reached XP level 4. HP: 26/39 MP: 5/5
  1243 | D:2      | Reached skill level 4 in Crossbows
  1329 | D:3      | Noticed flt's ghost (amateur NaEn)
  1335 | D:3      | HP: 1/39 [leopard gecko (2)]
  1386 | D:3      | Killed flt's ghost
  1386 | D:3      | Reached skill level 5 in Crossbows
  1386 | D:3      | Reached XP level 5. HP: 32/46 MP: 5/5
  1388 | D:3      | Quit the game

Skill      XL: |  1  2  3  4 |
---------------+-------------+-----
Fighting       | 1 2 |  2.6
Armour         | 1 2 |  2.9
Crossbows      | 3 5 |  5.1
Dodging        | |  2.1
Spellcasting   | |  1.0
Hexes          | |  2.4

Action                   |  1- 3 |  4- 6 || total
-------------------------+-------+-------++-------
Melee: Club              |   132 |       ||   132
       Unarmed           |     5 |       ||     5
       Hand axe          |    60 |    82 ||   142
 Fire: Hand crossbow     |     7 |       ||     7
 Abil: Heal Wounds       |     1 |     1 ||     2
  Use: Potion            |       |     3 ||     3
  Eat: Chunk             |     1 |     1 ||     2
Armor: Chain mail        |   163 |    84 ||   247
       Robe              |     1 |       ||     1
Dodge: Dodged            |    86 |    37 ||   123
